Map: World of Sleepers LE

Players

Animoxin - Winner!

  • Race: Terran Terran
  • Spawn Location: 1:00

pHARM

  • Race: Zerg Zerg
  • League: Platinum
  • Spawn Location: 7:00

VOD

Have the link to the VOD?

Description

Time

  • Played on: Aug. 30, 2019, 10:25 p.m.
  • Length: 15:13
Show
View Real Time Build Order
Export as new Build Order

Animoxin Terran - Winner!

Build Orders: 2 Factory, Mech 

Get SALT Encoding   

  12  0:01  SCV  
  13  0:13  SCV  
  14  0:17  Supply Depot  
  14  0:26  SCV  
  15  0:31  Refinery  
  15  0:41  Barracks  
  15  0:45  SCV  
  16  0:58  SCV  
  17  1:10  SCV  
  18  1:22  SCV  
  19  1:29  Supply Depot, Reaper  
  20  1:34  SCV  
  21  1:46  Orbital Command  
  21  1:59  Command Center  
  21  2:01  Barracks Reactor  
  21  2:14  SCV, Factory  
  22  2:26  SCV  
  23  2:39  SCV  
  24  2:51  Refinery  
  24  3:02  SCV  
  25  3:06  Supply Depot  
  25  3:07  Hellion x2  
  25  3:11  Orbital Command  
  29  3:24  SCV, Refinery  
  30  3:27  Factory  
  30  3:34  Factory  
  30  3:39  SCV, Supply Depot  
  30  3:40  SCV  
  32  3:43  Hellion x2  
  32  3:44  Barracks Tech Lab  
  36  3:51  SCV  
  36  3:52  SCV  
  38  4:04  SCV x2  
  40  4:16  SCV  
  45  4:17  Hellion x2  
  45  4:18  Factory Tech Lab  
  45  4:21  Siege Tank  
  45  4:22  SCV  
  49  4:26  Refinery  
  49  4:28  SCV  
  49  4:34  Engineering Bay  
  49  4:36  SCV  
  50  4:43  Supply Depot  
  50  4:52  Command Center  
  50  4:59  Barracks Tech Lab  
  50  5:00  Factory  
  50  5:03  SCV  
  50  5:04  SCV, Factory  
  52  5:15  Siege Tank x2  
  52  5:16  Hellion x2  
  62  5:25  SCV x2  
  64  5:37  SCV  
  64  5:42  Missile Turret  
  65  5:45  Missile Turret  
  65  5:49  Siege Tank  
  68  6:00  SCV x2  
  70  6:04  Factory Tech Lab  
  70  6:10  Starport, Orbital Command  
  70  6:12  SCV x2  
  70  6:15  Missile Turret  
  70  6:17  Armory  
  70  6:18  Armory  
  72  6:24  SCV x2  
  74  6:25  Siege Tank  
  77  6:33  Orbital Command  
  77  6:50  SCV x2, Viking  
  77  6:54  Siege Tank  
  84  7:00  Siege Tank x2, Hellion  
  84  7:01  Supply Depot x2  
  92  7:08  SCV  
  93  7:12  Refinery  
  93  7:16  Missile Turret  
  93  7:22  SCV x3, Hellion  
  98  7:34  SCV  
  98  7:36  SCV x2  
  98  7:37  Thor  
  101  7:44  Thor  
  107  7:45  Supply Depot  
  107  7:47  Supply Depot  
  113  7:51  Liberator, SCV  
  113  7:56  Refinery  
  114  7:58  Terran Vehicle And Ship Armor Level 1, Terran Vehicle Weapons Level 1  
  114  8:00  SCV x2  
  114  8:03  SCV  
  117  8:06  Thor  
  126  8:20  Siege Tank x2  
  132  8:32  Supply Depot  
  132  8:35  Supply Depot  
  132  8:38  Supply Depot  
  138  8:41  Hellion x3  
  138  8:53  Thor  
  144  8:56  SCV  
  144  8:57  SCV x2  
  144  8:58  Command Center  
  149  9:03  Hellion  
  149  9:04  Missile Turret  
  149  9:08  Starport  
  149  9:09  SCV x2, Viking  
  153  9:11  SCV  
  154  9:17  Supply Depot  
  154  9:18  Supply Depot  
  154  9:23  Thor  
  160  9:29  Thor  
  166  9:32  SCV  
  166  9:33  SCV x2  
  169  9:40  Ghost Academy, Supply Depot x2  
  169  9:45  SCV  
  170  9:46  Starport Tech Lab  
  170  9:49  Infernal Pre-Igniter  
  170  9:50  Starport Reactor  
  170  9:53  Thor  
  170  9:54  Siege Tank  
  170  9:55  Barracks Tech Lab  
  170  9:56  Hellion  
  181  10:11  Orbital Command  
  181  10:12  Refinery  
  181  10:23  Command Center  
  181  10:25  Factory  
  181  10:26  Factory  
  181  10:31  Terran Vehicle And Ship Armor Level 2  
  181  10:32  Terran Vehicle Weapons Level 2  
  181  10:38  Refinery  
  181  10:46  Thor  
  187  10:50  Ghost  
  187  10:53  Enhanced Shockwaves  
  172  11:37  Unknown  
  160  11:51  Siege Tank x2, Thor  
  146  11:59  Siege Tank  
  146  12:00  Hellion x2  
  141  12:03  Hellion  
  143  12:11  Hellbat  
  145  12:21  Hellion  
  145  12:22  Hellion  
  146  12:23  Siege Tank, Thor  
  151  12:31  Siege Tank  
  151  12:34  Siege Tank  
  151  12:35  Factory Tech Lab  
  151  12:36  Factory Tech Lab  
  155  12:38  Planetary Fortress  
  155  12:43  Hellion  
  157  12:55  Siege Tank  
  160  13:03  Siege Tank  
  163  13:07  Thor x2  
  172  13:23  Thor x2  
  184  13:28  Siege Tank  
  187  13:46  Thor  
  193  13:50  Siege Tank  
  187  13:56  Thor  
  187  14:00  Siege Tank  
  190  14:06  Siege Tank  
  187  14:15  Thor  
  190  14:17  Viking x3  
  196  14:27  SCV  
  197  14:39  Ghost  
Show
View Real Time Build Order
Export as new Build Order

pHARM Zerg 

Build Orders: Hatch First, Brood Lord Corruptor 

Get SALT Encoding   

  12  0:01  Drone  
  13  0:13  Overlord  
  13  0:24  Drone  
  14  0:36  Drone x2  
  14  0:37  Drone  
  17  0:54  Hatchery  
  16  0:57  Drone  
  16  1:00  Drone  
  18  1:18  Spawning Pool  
  18  1:22  Drone  
  18  1:23  Drone  
  19  1:31  Drone  
  20  1:41  Extractor  
  20  1:45  Drone  
  20  1:53  Drone  
  21  2:06  Queen x2  
  25  2:08  Zergling x4  
  25  2:15  Drone  
  28  2:21  Overlord  
  28  2:47  Drone x5  
  33  2:53  Drone  
  33  2:58  Overlord  
  34  3:14  Drone x2  
  34  3:17  Queen  
  34  3:18  Overlord x2  
  38  3:22  Pneumatized Carapace  
  38  3:23  Metabolic Boost  
  38  3:24  Drone  
  38  3:25  Drone x5  
  44  3:44  Drone x3  
  47  3:49  Drone x5  
  47  3:52  Extractor  
  47  3:53  Hatchery  
  47  3:54  Extractor  
  49  4:01  Drone  
  49  4:02  Drone x3  
  53  4:05  Lair  
  53  4:23  Drone  
  54  4:25  Roach Warren  
  54  4:30  Evolution Chamber  
  52  4:31  Evolution Chamber  
  51  4:56  Zerg Missile Weapons Level 1  
  51  4:58  Zerg Ground Armor Level 1  
  51  4:59  Zergling x2  
  52  5:00  Zergling x14  
  54  5:24  Roach x5  
  64  5:35  Drone  
  65  5:36  Overlord x3  
  65  6:08  Overlord x2  
  65  6:09  Glial Reconstitution  
  65  6:22  Extractor  
  65  6:23  Infestation Pit, Drone x3  
  65  6:24  Drone  
  67  6:37  Drone x8  
  67  6:38  Drone  
  76  6:53  Overlord  
  76  6:54  Overlord x3  
  76  6:57  Zerg Missile Weapons Level 2, Zerg Ground Armor Level 2  
  76  6:58  Hatchery  
  75  7:09  Extractor  
  75  7:10  Extractor, Drone x4  
  77  7:23  Ravager  
  78  7:37  Drone  
  78  7:38  Drone x4  
  83  7:52  Drone  
  83  7:55  Roach x13  
  110  8:12  Hive  
  110  8:16  Drone  
  110  8:19  Spire  
  110  8:38  Roach x8  
  110  8:39  Overlord  
  110  8:40  Overlord x9  
  126  9:15  Ravager x13  
  141  9:17  Roach x2  
  143  9:27  Drone x4  
  143  9:28  Drone x12  
  159  9:33  Zerg Missile Weapons Level 3  
  159  9:46  Unknown  
  158  9:58  Spine Crawler, Hatchery  
  156  10:04  Spine Crawler  
  155  10:14  Greater Spire  
  155  10:15  Zerg Ground Armor Level 3  
  155  10:25  Drone x3  
  155  10:26  Drone x3  
  155  10:28  Drone x2  
  163  10:39  Drone x2  
  163  10:40  Drone  
  163  10:41  Extractor  
  165  10:45  Extractor  
  162  11:07  Roach  
  162  11:08  Roach x20  
  108  11:56  Roach x18  
  108  12:12  Roach  
  108  12:13  Roach x4  
  106  12:28  Roach  
  106  12:29  Roach x5  
  90  12:32  Corruptor  
  90  12:51  Corruptor x10  
  108  13:05  Hatchery  
  107  13:07  Brood Lord  
  94  13:24  Brood Lord x3  
  94  13:25  Brood Lord  
  98  13:34  Zergling x8  
  98  13:35  Zergling x38  
  98  13:37  Brood Lord  
  98  13:40  Brood Lord  
  93  14:23  Hatchery  
  92  14:25  Hatchery  
  92  14:30  Extractor  
  90  14:33  Extractor  
Tags
 
Add a new tag
Caveats
  • Supply blocks, unpowered buildings, or Contaminate may cause inaccurate times.
  • Supply counts are checked every 10 seconds.